 Dungeon Crawl Stone Soup version 0.27.1 (webtiles) character file.

Game seed: 10822206506776087352

54883 VelvetShell the Severer (level 14, -3/140 HPs)
             Began as a Hill Orc Berserker on Sept 3, 2021.
             Was a High Priest of Trog.
             Killed from afar by a rime drake (23 damage)
             ... with a flash freeze
             ... summoned by a boggart
             ... on level 5 of the Lair of Beasts on Sept 4, 2021.
             The game lasted 02:31:08 (23550 turns).

VelvetShell the Severer (Hill Orc Berserker)       Turns: 23550, Time: 02:31:08

Health: -3/140     AC: 21    Str: 27    XL:     14   Next: 74%
Magic:  14/14      EV: 11    Int:  7    God:    Trog [*****.]
Gold:   1188       SH:  5    Dex: 10    Spells: 13/13 levels left

rFire    . . .     SeeInvis .   L - +3 battleaxe (vorpal)
rCold    . . .     Faith    .   (shield currently unavailable)
rNeg     . . .     Spirit   .   R - +1 scale mail {rPois}
rPois    +         Reflect  +   i - +1 helmet
rElec    +         Harm     .   k - +0 cloak
rCorr    .         Rampage  .   G - +1 pair of gloves of Umighy {rElec}
Will     ++...                  (no boots)
Stlth    ..........             t - amulet of reflection
HPRegen  0.33/turn              r - +4 ring of protection
MPRegen  0.14/turn              n - ring of willpower

@: about to teleport, on berserk cooldown, very slightly contaminated, slowed,
invisible, very slow
A: mutation resistance 1, strong 1, wild magic 1
a: Renounce Religion, Berserk, Trog's Hand, Brothers in Arms


You were on level 5 of the Lair of Beasts.
You worshipped Trog.
Trog was extremely pleased with you.
You visited 2 branches of the dungeon, and saw 17 of its levels.

You collected 1852 gold pieces.
You spent 664 gold pieces at shops.

Inventory:

Hand Weapons
 m - the +6 broad axe of Integrity {freeze, rElec Will- SInv Stlth+}
   (You bought it in a shop on level 1 of the Dungeon)

   It freezes those it strikes, dealing additional cold damage.
   It can also slow down cold-blooded creatures.
   rElec:     It insulates you from electricity.
   SInv:      It lets you see invisible.
   Will:      It decreases your willpower.
   Stlth:     It makes you more stealthy.
 C - a +4 broad axe of flaming
 L - a +3 vorpal battleaxe (weapon)
 N - a +2 hunting sling of flaming
Missiles
 c - 40 sling bullets
 g - 504 stones (quivered)
 z - 3 throwing nets
Armour
 i - a +1 helmet (worn)
 k - a +0 cloak (worn)
 x - +0 acid dragon scales
 y - a +0 plate armour
 A - a +0 pair of gloves
 G - the +1 pair of gloves of Umighy (worn) {rElec}
   (You found it on level 5 of the Lair of Beasts)

   rElec:     It insulates you from electricity.
 K - a scarf of resistance
 R - a +1 scale mail of poison resistance (worn)
 T - a +3 ring mail
Jewellery
 h - an amulet of regeneration
 n - a ring of willpower (right hand)
 r - a +4 ring of protection (left hand)
 t - an amulet of reflection (around neck)
Scrolls
 b - 4 scrolls of teleportation
 l - 4 scrolls of enchant armour
 q - 3 scrolls of identify
 u - 2 scrolls of immolation
 w - 2 scrolls of fog
 Q - a scroll of torment
 S - 2 scrolls of magic mapping
 U - a scroll of summoning
Potions
 d - 6 potions of attraction
 e - 5 potions of curing
 j - 3 potions of brilliance
 o - a potion of mutation
 p - 3 potions of degeneration
 s - 6 potions of haste
 v - 2 potions of heal wounds
 B - a potion of might
 D - 3 potions of berserk rage
 F - 2 potions of flight
 H - 4 potions of lignification
 P - 2 potions of ambrosia
Miscellaneous
 M - a phial of floods


   Skills:
 + Level 17.0 Fighting
 - Level 20.0 Axes
 + Level 12.5 Armour
 - Level 3.4 Dodging
 - Level 2.0 Stealth
 - Level 2.3 Shields


You had 13 spell levels left.
You didn't know any spells.
Your spell library was empty.

Dungeon Overview and Level Annotations

Branches:
Dungeon (11/15)            Temple (0/1) D:7            Lair (6/6) D:11
 Shoals (0/4) Lair:4       Spider (0/4) Lair:3        Slime (0/5) Lair:5
    Orc (0/2) D:9

Altars:
Ashenzari
Cheibriados
Dithmenos
Elyvilon
Hepliaklqana
Sif Muna
Trog
Vehumet
Wu Jian
Zin
The Shining One

Shops:
D:1 *=((   D:7 !

Annotations:
D:11 exclusion: 2 oklob plants


Innate Abilities, Weirdness & Mutations

You are somewhat resistant to further mutation.
Your muscles are strong. (Str +2)
Your spells are a little harder to cast, but a little more powerful.


Message History

The blink frog gives a loud, deep croak!
The elephant trumpets!
You block the hell rat's attack.
The blink frog gives a loud, deep croak! x2
You hear a trumpeting!
You block something's attack.
The blink frog croaks.
The blink frog gives a loud, deep croak!
The blink frog croaks.
You hear a trumpeting!
Something hits you.
* * * LOW HITPOINT WARNING * * *
The blink frog gives a loud, deep croak!
The blink frog croaks.
Something hits you but does no damage.
There is a stone staircase leading up, spattered with blood here.
The blink frog gives a loud, deep croak! x3
The elephant trumpets!
You hear a trumpeting!
Something hits you but does no damage. You block the blink frog's attack.
Something hits you but does no damage. The blink frog barely misses you.
You climb upwards.
The komodo dragon dissolves into shadows!
The blink frog dissolves into shadows! x4
Reactivating autopickup.
There is a stone staircase leading down, spattered with blood here.
As you read the scroll of teleportation, it crumbles to dust.
You feel strangely unstable.
You hear some strange, mumbled words. x2
Okay, then.
Okay, then.
The yak bellows! x3
The yak closely misses you. You block the yak's attack.
You see here a blink frog skeleton.
The rime drake hisses angrily.
The yak bellows! x3
You hear some strange, mumbled words.
The rime drake bites you but does no damage.
The yak gores you but does no damage. The yak gores you.
* * * LOW HITPOINT WARNING * * *
The rime drake breathes ice at you. The flash freeze hits you!!
You die...

### #.## #########
...# #.##.§÷Y## ..####
###....@Y.# ...#.#
##....Yk.Y.##
.....####......Y.Y..#
.....##........<....##
....P##..............#
.....###............##
.....##.............##
....##...............#
......P.............##


You could see 6 yaks and a rime drake (summoned, catching breath).

Vanquished Creatures
  Nessos (Lair:6)
  The ghost of fram the Carver, a journeyman FoFi (D:11)
  5 hydras
  A two-headed ogre (D:11)
  Erica (D:9)
  6 death yaks
  The ghost of H0rd4k the Summoner, a novice BaSu of Qazlal (D:11)
  Sonja (D:11)
  2 oklob plants (Lair:1)
  A cyclops (D:9)
  An ugly thing (D:7)
  6 elephants (Lair:4)
  3 black mambas
  2 torpor snails
  2 kobold demonologists (D:11)
  An unseen horror (D:10)
  Maggie (Lair:2)
  15 cane toads
  8 rime drakes
  Psyche (D:11)
  7 komodo dragons
  2 meliai (Lair:6)
  A troll (D:11)
  3 hornets (Lair:6)
  2 polar bears (Lair:6)
  21 blink frogs
  4 dream sheep (Lair:3)
  Sigmund (D:6)
  A shadow (D:11)
  5 redbacks (Lair:3)
  5 wyverns
  14 spriggans (Lair:6)
  2 wraiths
  39 yaks
  A steam dragon (Lair:3)
  4 basilisks
  An acid dragon (D:9)
  16 water moccasins
  3 orc warriors (D:9)
  2 black bears
  An ice beast (D:7)
  A sky beast (D:5)
  2 ogres
  A hornet zombie (D:7)
  A necrophage (D:6)
  50 wolves
  2 boggarts (Lair:6)
  5 centaurs
  2 phantoms
  2 kobold brigands
  20 bullfrogs
  A gnoll sergeant (D:11)
  2 scorpions
  7 killer bees
  3 howler monkeys (D:7)
  5 wights (D:8)
  3 centaur zombies
  2 bullfrog zombies
  A centaur skeleton (D:5)
  2 jellies (D:7)
  5 orc priests
  A bullfrog skeleton (D:5)
  An iguana (D:7)
  9 orc wizards
  10 hell rats (Lair:6)
  A hound skeleton (D:5)
  7 adders
  5 gnolls (D:11)
  A howler monkey skeleton (D:7)
  A shadow imp (D:5)
  3 white imps (D:6)
  An ufetubus (D:6)
  An adder skeleton (D:4)
  A worm (D:3)
  45 orcs
  4 bats
  9 endoplasms
  3 giant cockroaches
  7 goblins
  8 hobgoblins
  2 jackals (D:2)
  4 quokkas (D:3)
  4 ball pythons
  26 kobolds
  7 rats
473 creatures vanquished.

Vanquished Creatures (collateral kills)
  2 hydras (Lair:2)
  A death yak (Lair:2)
  A wyvern (Lair:2)
4 creatures vanquished.

Vanquished Creatures (others)
  A spriggan (Lair:6)
  A kobold (D:11)
  55 fungi
  52 plants
109 creatures vanquished.

Grand Total: 586 creatures vanquished

Notes
Turn   | Place    | Note
-------+----------+-------------------------------------------
     0 | D:1      | VelvetShell the Hill Orc Berserker began the quest for the
                  | Orb.
     0 | D:1      | Reached XP level 1. HP: 19/19 MP: 1/1
   280 | D:1      | Found Ynamm's Jewellery Boutique.
   288 | D:1      | Reached XP level 2. HP: 27/27 MP: 2/2
   290 | D:1      | Found Ticem's General Store.
   343 | D:1      | Found a faded altar of an unknown god.
   472 | D:1      | Found Wigheuh's Weapon Boutique.
  1042 | D:1      | Found Nyastelu's Weapon Emporium.
  1419 | D:2      | Reached XP level 3. HP: 25/33 MP: 3/3
  2141 | D:2      | Reached ** piety under Trog
  2142 | D:2      | Reached skill level 5 in Axes
  2329 | D:2      | Reached XP level 4. HP: 40/40 MP: 4/4
  3387 | D:3      | Found a bloodstained altar of Trog.
  3548 | D:3      | Reached XP level 5. HP: 47/47 MP: 5/5
  3916 | D:3      | Found a shadowy altar of Dithmenos.
  3964 | D:4      | Reached *** piety under Trog
  4040 | D:4      | Identified the +8 hand axe of Integrity {drain, rF+ Int-4
                  | SInv}
  4101 | D:4      | Found a radiant altar of Vehumet.
  4107 | D:4      | Reached skill level 6 in Axes
  4112 | D:4      | Reached XP level 6. HP: 55/55 MP: 6/6
  4196 | D:4      | Reached skill level 5 in Fighting
  4296 | D:4      | Reached skill level 7 in Axes
  4711 | D:5      | Entered Level 5 of the Dungeon
  4816 | D:5      | Noticed a sky beast
  4821 | D:5      | Killed a sky beast
  4822 | D:5      | Reached XP level 7. HP: 61/61 MP: 7/7
  4922 | D:5      | Reached skill level 8 in Axes
  4926 | D:5      | Reached **** piety under Trog
  5044 | D:5      | Identified the +1 leather armour "Gogocven" {rCorr Int+4}
  5306 | D:5      | Found a broken altar of Ashenzari.
  5485 | D:5      | Found a shimmering blue altar of Sif Muna.
  6019 | D:6      | Reached skill level 9 in Axes
  6019 | D:6      | Reached skill level 5 in Armour
  6019 | D:6      | Reached XP level 8. HP: 62/70 MP: 8/8
  6362 | D:6      | Noticed Sigmund
  6368 | D:6      | Reached skill level 10 in Axes
  6376 | D:6      | Killed Sigmund
  6423 | D:6      | Found a snail-covered altar of Cheibriados.
  6586 | D:6      | Found a white marble altar of Elyvilon.
  6587 | D:6      | Found a glowing golden altar of the Shining One.
  6588 | D:6      | Found a glowing silver altar of Zin.
  6672 | D:7      | Reached skill level 1 in Stealth
  6724 | D:7      | Reached XP level 9. HP: 65/79 MP: 9/9
  6739 | D:7      | Found a staircase to the Ecumenical Temple.
  6880 | D:7      | Found Quoru's Distillery.
  6886 | D:7      | Noticed a cyan ugly thing
  6895 | D:7      | Reached skill level 11 in Axes
  6900 | D:7      | Killed a cyan ugly thing
  7456 | D:8      | Reached skill level 12 in Axes
  8624 | D:9      | Noticed a cyclops
  8651 | D:9      | Killed a cyclops
  8652 | D:9      | Reached XP level 10. HP: 88/88 MP: 10/10
  8914 | D:9      | Reached ***** piety under Trog
  8930 | D:9      | Noticed Erica
  8931 | D:9      | Reached skill level 13 in Axes
  8941 | D:9      | Killed Erica
  8942 | D:9      | Reached skill level 1 in Shields
  9249 | D:9      | Identified the +2 leather armour of Blue Satisfaction {rC+}
  9276 | D:9      | Found an ornate altar of the Wu Jian Council.
  9355 | D:9      | Found a staircase to the Orcish Mines.
 10109 | D:10     | Entered Level 10 of the Dungeon
 10384 | D:10     | Found a hazy altar of Hepliaklqana.
 10409 | D:10     | Reached skill level 14 in Axes
 10492 | D:10     | Noticed an unseen horror
 10495 | D:10     | Killed an unseen horror
 10549 | D:10     | Identified the +3 buckler of Uttoug {rElec Regen+ Int+7
                  | Stlth-}
 10570 | D:10     | Reached XP level 11. HP: 97/97 MP: 11/11
 10624 | D:10     | Identified a scroll of acquirement
 10827 | D:1      | Acquired 674 gold pieces
 11000 | D:1      | Bought the +6 broad axe of Integrity {freeze, rElec Will-
                  | SInv Stlth+} for 594 gold pieces
 11803 | D:11     | Noticed an oklob plant
 11803 | D:11     | Noticed an oklob plant
 11819 | D:11     | Identified the +9 trident of Psychosis {freeze, Fragile
                  | rCorr Stlth+}
 11861 | D:11     | Reached skill level 15 in Axes
 11915 | D:11     | Noticed a two-headed ogre
 11923 | D:11     | Killed a two-headed ogre
 12228 | D:11     | Reached skill level 16 in Axes
 12259 | D:11     | Noticed Psyche
 12343 | D:11     | Killed Psyche
 12447 | D:11     | Noticed Sonja
 12451 | D:11     | Killed Sonja
 12560 | D:11     | Found a staircase to the Lair.
 13012 | D:11     | Found a runed translucent gate.
 13012 | D:11     | Found a runed translucent gate.
 13012 | D:11     | Found a runed translucent gate.
 13013 | D:11     | Noticed H0rd4k's ghost (novice BaSu)
 13014 | D:11     | Noticed fram's ghost (journeyman FoFi)
 13031 | D:11     | Killed fram's ghost
 13032 | D:11     | Reached skill level 17 in Axes
 13038 | D:11     | Killed H0rd4k's ghost
 13038 | D:11     | Received a gift from Trog
 13320 | D:1      | Bought a potion of curing for 30 gold pieces
 13320 | D:1      | Bought a scroll of identify for 20 gold pieces
 13320 | D:1      | Bought a scroll of identify for 20 gold pieces
 13529 | Lair:1   | Entered Level 1 of the Lair of Beasts
 14142 | Lair:1   | Reached XP level 12. HP: 104/104 MP: 12/12
 14143 | Lair:1   | Reached skill level 18 in Axes
 14257 | Lair:1   | Noticed a six-headed hydra
 14274 | Lair:1   | Killed a 12-headed hydra
 14848 | Lair:1   | Reached skill level 19 in Axes
 15848 | Lair:1   | Gained mutation: You are occasionally teleported next to
                  | monsters. [potion of mutation]
 15848 | Lair:1   | Gained mutation: You have large cloven feet. [potion of
                  | mutation]
 15860 | Lair:1   | Lost mutation: You are occasionally teleported next to
                  | monsters. [potion of mutation]
 15860 | Lair:1   | Gained mutation: You are frail. (-10% HP) [potion of
                  | mutation]
 15860 | Lair:1   | Lost mutation: You are frail. (-10% HP) [potion of
                  | mutation]
 15861 | Lair:1   | Lost mutation: You have large cloven feet. [potion of
                  | mutation]
 15861 | Lair:1   | Gained mutation: Your magical capacity is low. (-10% MP)
                  | [potion of mutation]
 15899 | Lair:1   | Lost mutation: Your magical capacity is low. (-10% MP)
                  | [potion of mutation]
 15899 | Lair:1   | Gained mutation: Your spells are a little harder to cast,
                  | but a little more powerful. [potion of mutation]
 15899 | Lair:1   | Gained mutation: You are somewhat resistant to further
                  | mutation. [potion of mutation]
 15899 | Lair:1   | Gained mutation: Your muscles are strong. (Str +2) [potion
                  | of mutation]
 15932 | Lair:2   | Noticed a death yak
 15932 | Lair:2   | Noticed a death yak
 16002 | Lair:1   | Killed a death yak
 16004 | Lair:1   | Killed a death yak
 16005 | Lair:1   | Reached skill level 20 in Axes
 16331 | Lair:2   | Noticed Maggie
 16344 | Lair:2   | Reached skill level 10 in Fighting
 16355 | Lair:2   | Killed Maggie
 16996 | Lair:2   | Reached XP level 13. HP: 116/116 MP: 13/13
 17175 | Lair:2   | Reached skill level 10 in Armour
 18654 | Lair:3   | Found a hole to the Spider Nest.
 19636 | Lair:4   | Found a staircase to the Shoals.
 20849 | Lair:5   | Reached XP level 14. HP: 130/133 MP: 14/14
 20851 | Lair:5   | Reached skill level 15 in Fighting
 20885 | Lair:5   | Received a gift from Trog
 21007 | Lair:5   | Found a staircase to the Slime Pits.
 21088 | Lair:5   | Identified the +1 pair of gloves of Umighy {rElec}
 22065 | Lair:6   | Entered Level 6 of the Lair of Beasts
 23402 | Lair:6   | Received a gift from Trog
 23501 | Lair:6   | Noticed Nessos
 23527 | Lair:6   | Killed Nessos
 23550 | Lair:5   | Killed from afar by a rime drake

Illustrated notes

Levels and vault maps discovered:
D:1:      dpeg_arrival_houses_and_road, layout_loops_ring, serial_shops, shop,
          nicolae_shop_crystal, shop, nicolae_shop_waterfront,
          shapermc_ecumenical_altar_venn, patterned_corridor
D:2:      layout_loops_ring
D:3:      layout_loops_corners, trog_butcher_becter,
          mainiacjoe_overflow_alcove_4
D:4:      layout_cave_pools, vehumet_altar_wand_db
D:5:      layout_loops_cross, lemuel_doored_altar,
          nicolae_sif_muna_little_library, water_maze_lemuel
D:6:      layout_loops_corners, good_gods_temple_1, cheibriados_altar_1,
          uniq_sigmund
D:7:      layout_cave_pools, minmay_temple_entry_large_hall, serial_shops,
          nicolae_stop_n_shop_1, grunt_ministairs_12
D:8:      layout_layer_cave
D:9:      layout_loops_corners, mainiacjoe_overflow_catwalk, hiddenorc1_lemuel,
          uniq_erica
D:10:     layout_long_grid, mainiacjoe_overflow_chevrons, serial_bayou_pond_a
D:11:     layout_cave_pools, dpeg_oklobed_lair, gammafunk_ghost_cemetery,
          uniq_psyche, uniq_sonja
Lair:1:   layout_cave_pods, minivault_11, minmay_lair_oklob_chamber,
          lemuel_fruit_fields, grunt_megastairs_4
Lair:2:   layout_roguey, hangedman_lair_generics_rect, uniq_maggie
Lair:3:   layout_layer_cave, nicolae_spider_entry_tight_spaces
Lair:4:   layout_hall_layers, shoals_dummy_entry, lemuel_fruit_fields
Lair:5:   layout_cave_pods, nicolae_slime_entry_slimehenge
Lair:6:   minmay_lair_end_enchanted_forest, layout_hall_layers, special_room
          [special_room_bee], st_stairs_3, minivault_19, uniq_nessos

Skill      XL: |  1  2  3  4  5  6  7  8  9 10 11 12 13 14 |
---------------+-------------------------------------------+-----
Fighting       | 4 5 6 7 8 9 11 14 17 | 17.0
Axes           | 5 6 7 9 10 12 14 17 20 | 20.0
Armour         | 3 4 5 6 8 9 11 12 | 12.5
Dodging        | 2 3 |  3.4
Stealth        | 1 2 |  2.0
Shields        | 2 |  2.3

Action                   |  1- 3 |  4- 6 |  7- 9 | 10-12 | 13-15 || total
-------------------------+-------+-------+-------+-------+-------++-------
Melee: Hand axe          |   136 |   144 |   201 |     3 |       ||   484
       War axe           |       |       |       |   110 |       ||   110
       Broad axe         |       |       |       |    89 |     4 ||    93
       Battleaxe         |       |       |       |   212 |   495 ||   707
 Fire: Hunting sling     |       |       |       |     4 |       ||     4
Throw: Stone             |       |       |       |     4 |       ||     4
Invok: Berserk           |     2 |     6 |     7 |    23 |    22 ||    60
       Trog's Hand       |       |       |       |     5 |     3 ||     8
       Brothers in Arms  |       |       |       |       |     3 ||     3
  Use: Scroll            |     5 |       |     7 |    15 |     7 ||    34
       Potion            |       |     1 |       |     5 |     3 ||     9
 Stab: Sleeping          |       |       |       |       |     1 ||     1
Armor: Animal skin       |     8 |       |       |       |       ||     8
       Chain mail        |    54 |    95 |   102 |       |       ||   251
       Plate armour      |       |       |    26 |    19 |       ||    45
       Acid dragon scale |       |       |       |   162 |     5 ||   167
       Scale mail        |       |       |       |       |   218 ||   218
Dodge: Dodged            |    76 |    63 |    73 |   167 |   235 ||   614
Block: Other             |       |       |     4 |    83 |   101 ||   188
       Reflection        |       |       |       |     4 |       ||     4
